 Dungeon Crawl Stone Soup version 0.27-a0-1312-g5cdb2b3542 (webtiles) character file.

Game seed: 15741903986727332315

11116 Zonian the Destroyer (level 11, -6/63 HPs)
             Began as a Tengu Conjurer on June 20, 2021.
             Was an Elder of Vehumet.
             Mangled by a six-headed hydra (7 damage)
             ... on level 1 of the Lair of Beasts.
             The game lasted 00:38:29 (18351 turns).

Zonian the Destroyer (Tengu Conjurer)              Turns: 18351, Time: 00:38:33

Health: -6/63      AC:  4    Str:  8    XL:     11   Next: 72%
Magic:  33/33      EV: 17    Int: 21    God:    Vehumet [****..]
Gold:   507        SH:  0    Dex: 13    Spells: 10/26 levels left

rFire    + . .     SeeInvis .   w - +5 short sword (protect)
rCold    + . .     Faith    .   (no shield)
rNeg     . . .     Spirit   .   N - +0 robe {rC+ rF+}
rPois    +         Reflect  .   (helmet restricted)
rElec    .         Harm     .   l - +0 cloak
rCorr    .         Rampage  .   C - +0 pair of gloves
Will     .....                  (boots unavailable)
Stlth    +++.......             M - amulet of the acrobat
HPRegen  0.20/turn              v - ring of magical power
MPRegen  0.23/turn              E - ring of poison resistance

@: brilliant, flying quickly and evasively, quick
A: beak, talons 3, nimble flight
a: Renounce Religion


You were on level 1 of the Lair of Beasts.
You worshipped Vehumet.
Vehumet was greatly pleased with you.
You visited 3 branches of the dungeon, and saw 12 of its levels.
You also visited: Sewer.

You collected 651 gold pieces.
You spent 144 gold pieces at shops.

Inventory:

Hand Weapons
 e - a +0 falchion
 g - a +0 dagger
 i - a +0 short sword
 p - a +4 quarterstaff of chaos
 u - a +2 dagger of venom
 w - a +5 short sword of protection (weapon)
 D - a +0 vorpal halberd
 F - a +0 vampiric whip
 I - a +0 short sword of electrocution
Missiles
 A - 47 poisoned darts
 J - a curare-tipped dart
Armour
 a - a +1 robe
 f - a +0 pair of gloves
 j - +0 ice dragon scales
 l - a +0 cloak (worn)
 B - a +0 troll leather armour
 C - a +0 pair of gloves (worn)
 L - +0 acid dragon scales
 N - a +0 robe of resistance (worn)
Magical Staves
 O - a staff of fire
Jewellery
 v - a ring of magical power (left hand)
 x - a ring of fire
 E - a ring of poison resistance (right hand)
 M - an amulet of the acrobat (around neck)
Wands
 y - a wand of iceblast (7)
 G - a wand of mindburst (12)
 K - a wand of polymorph (10)
Scrolls
 c - 2 scrolls of teleportation
 P - a scroll of silence {unknown}
Potions
 b - 2 potions of berserk rage
 h - 4 potions of heal wounds
 k - 5 potions of curing
 n - 2 potions of might
 o - 3 potions of magic
 q - 2 potions of attraction
 r - 3 potions of mutation
 s - a potion of invisibility
 t - a potion of flight {unknown}
 z - a potion of cancellation
 H - a potion of lignification


   Skills:
 + Level 5.0 Fighting
 - Level 5.0 Short Blades
 - Level 1.7 Armour
 + Level 6.3 Dodging
 + Level 6.5 Stealth
 + Level 8.0 Spellcasting
 + Level 11.7 Conjurations
 + Level 4.6 Hexes
 + Level 5.1 Translocations


You had 10 spell levels left.
You knew the following spells:

 Your Spells              Type           Power      Damage    Failure   Level
a - Magic Dart            Conj           100%       1d8       1%          1
b - Searing Ray           Conj           100%       3d7       1%          2
c - Fulminant Prism       Conj/Hex       29%        3d14      1%          4
d - Iskenderun's Mystic   Conj/Tloc      60%        2d13      1%          4
e - Irradiate             Conj/Tmut      24%        3d21      5%          5

Your spell library contained the following spells:

 Spells                   Type           Power      Damage    Failure   Level
 Apportation              Tloc           90%        N/A       1%          1
 Corona                   Hex            46%        N/A       1%          1
 Dazzling Flash           Conj/Hex       100%       N/A       1%          3
 Animate Skeleton         Necr           24%        N/A       8%          1
 Summon Small Mammal      Summ           48%        N/A       8%          1


Dungeon Overview and Level Annotations

Branches:
Dungeon (10/15)            Temple (1/1) D:4            Lair (1/6) D:8
    Orc (0/2) D:9           Sewer (visited)

Altars:
Gozag
Hepliaklqana
Kikubaaqudgha
Makhleb
Nemelex Xobeh
Okawaru
Qazlal
Vehumet
Wu Jian
Xom
Zin

Shops:
D:1 (

Annotations:
D:2 Sigmund


Innate Abilities, Weirdness & Mutations

You have a beak for a mouth.
You have claws for feet.
Your magical nature lets you fly swiftly and evasively.


Message History

The searing ray hits the komodo dragon!
The komodo dragon is moderately wounded. (Press . to maintain the ray.) Unknown command.
The searing ray hits the komodo dragon!
The komodo dragon is heavily wounded.
Unknown command.
The searing ray hits the komodo dragon!
The komodo dragon is almost dead.
Unknown command.
The searing ray hits the komodo dragon!
You kill the komodo dragon!
Vehumet accepts your kill.
You feel your power returning.
You finish channeling your searing ray.
Unknown command.
You start resting.
Magic restored.
You start waiting.
Done waiting.
Unknown command.
There is a staircase to the Lair, spattered with blood here.
Things that are here:
a +0 war axe; a +0 robe
There is a staircase to the Lair, spattered with blood here.
You feel clever all of a sudden.
You fly downwards.
Welcome back to the Lair of Beasts!
A komodo dragon and a blink frog come into view.
The wolf closely misses you. The water moccasin closely misses you.
The wolf closely misses you. The water moccasin misses you.
The hell rat closely misses you. The water moccasin bites you.
The komodo dragon bites you!! The wolf closely misses you.
There is a staircase back to the Dungeon, spattered with blood here.
The water moccasin barely misses you. The water moccasin bites you!
The wolf bites you! The hell rat closely misses you.
The six-headed hydra misses you. The six-headed hydra bites you!
* * * LOW HITPOINT WARNING * * *
The six-headed hydra misses you. The six-headed hydra bites you.
* * * LOW HITPOINT WARNING * * *
The six-headed hydra misses you. The six-headed hydra bites you!
You die...

.........
......... ..
........ #..
#.(.... ..#
###....# ..
##.##.....##...
##.#.≈.h.S...#..
#..l.≈≈D@rF.....
##..≈≈≈≈Sl.≈.(...
#...≈≈≈≈≈≈≈≈≈....
##P.≈≈≈≈≈≈≈≈≈≈...
###.≈≈≈≈≈≈≈≈....
#.≈≈≈≈≈≈≈≈..##
#....≈≈≈.....#
#........#....
#...##P......


You could see a six-headed hydra, 2 komodo dragons, a blink frog, 2 water
moccasins, a wolf and a hell rat.

Vanquished Creatures
  A two-headed ogre (D:9)
  A deep elf zephyrmancer (D:8)
  A cane toad (D:8)
  Maggie (D:8)
  3 komodo dragons (D:8)
  2 trolls (D:6)
  3 shadows (D:9)
  14 yaks
  A wyvern (D:8)
  A wraith (D:6)
  A vampire mosquito (D:6)
  A steam dragon (D:7)
  A two-headed ogre zombie (D:9)
  7 water moccasins
  3 orc warriors
  A hornet zombie (D:7)
  An ice beast (D:6)
  2 black bears
  5 ogres
  5 centaurs
  3 wolves (D:8)
  A phantom (D:6)
  3 kobold brigands
  A gnoll sergeant (D:7)
  9 bullfrogs
  A water moccasin zombie (D:6)
  2 scorpions
  A wyvern zombie (D:8)
  2 troll zombies (D:9)
  5 killer bees (D:9)
  5 howler monkeys (D:9)
  2 hounds
  5 orc priests
  A bullfrog skeleton (D:5)
  A gnoll shaman (D:4)
  A jelly (D:6)
  4 iguanas
  Crazy Yiuf (D:3)
  10 orc wizards
  6 hell rats
  5 ogre zombies (D:9)
  A hound skeleton (D:4)
  A howler monkey zombie (D:9)
  3 gnolls (D:7)
  7 adders
  A river rat (D:3)
  A shadow imp (D:6)
  3 white imps
  An adder skeleton (D:4)
  A worm (D:2)
  A dart slug (D:2)
  21 orcs
  2 bats (D:3)
  7 endoplasms
  6 giant cockroaches
  10 goblins
  5 hobgoblins
  8 jackals (Sewer)
  4 quokkas
  10 ball pythons
  4 frilled lizards
  A goblin skeleton (D:9)
  3 goblin zombies (D:9)
  2 hobgoblin skeletons (D:9)
  7 hobgoblin zombies (D:9)
  A jackal skeleton (D:4)
  27 kobolds
  An orc skeleton (D:9)
  11 orc zombies (D:9)
  12 rats
286 creatures vanquished.

Vanquished Creatures (others)
  51 fungi (D:8)
  54 plants
105 creatures vanquished.

Grand Total: 391 creatures vanquished

Notes
Turn   | Place    | Note
-------+----------+-------------------------------------------
     0 | D:1      | Zonian the Tengu Conjurer began the quest for the Orb.
     0 | D:1      | Reached XP level 1. HP: 10/10 MP: 4/4
   154 | D:1      | Reached XP level 2. HP: 15/15 MP: 3/6
   211 | D:1      | You fall into a shaft and drop 1 floor!
   243 | D:1      | Found a faded altar of an unknown god.
   406 | D:1      | Reached skill level 6 in Conjurations
   928 | D:1      | Reached XP level 3. HP: 19/19 MP: 2/7
  1077 | D:1      | Learned a level 2 spell: Searing Ray
  1078 | D:1      | Found Zeackash's Antique Weapon Emporium.
  1951 | D:2      | Noticed Sigmund
  2718 | D:3      | Found a shimmering altar of Xom.
  2835 | D:3      | Noticed a scorpion
  2840 | D:3      | Killed a scorpion
  2841 | D:3      | Reached skill level 7 in Conjurations
  2841 | D:3      | Reached XP level 4. HP: 24/24 MP: 4/8
  2941 | D:3      | Found a glowing drain.
  2950 | D:3      | Gained mutation: Your magical nature lets you fly swiftly
                  | and evasively. [Tengu growth]
  2950 | D:3      | Reached XP level 5. HP: 22/28 MP: 5/9
  2954 | Sewer    | Entered a sewer
  4507 | D:3      | Found an opulent altar of Gozag.
  4604 | D:3      | Found a runed translucent door.
  4605 | D:3      | Noticed Crazy Yiuf
  4691 | D:3      | Killed Crazy Yiuf
  4953 | D:4      | Found a staircase to the Ecumenical Temple.
  4959 | Temple   | Entered the Ecumenical Temple
  5067 | Temple   | Became a worshipper of Vehumet
  5202 | D:4      | Reached XP level 6. HP: 28/32 MP: 3/11
  5280 | D:4      | Reached skill level 1 in Short Blades
  5766 | D:4      | Found a glowing silver altar of Zin.
  5841 | D:4      | Reached XP level 7. HP: 19/37 MP: 3/13
  6121 | D:4      | Reached skill level 1 in Fighting
  6156 | D:4      | Reached skill level 8 in Conjurations
  6432 | D:4      | Reached * piety under Vehumet
  6432 | D:4      | Offered knowledge of Shock by Vehumet.
  6442 | D:4      | Learned a level 4 spell: Fulminant Prism
  6447 | D:4      | Learned a level 4 spell: Iskenderun's Mystic Blast
  7003 | D:5      | Entered Level 5 of the Dungeon
  7839 | D:6      | Reached skill level 1 in Translocations
  7839 | D:6      | Reached XP level 8. HP: 43/43 MP: 15/15
  8107 | D:6      | Reached skill level 1 in Hexes
  8135 | D:6      | Noticed a troll
  8436 | D:6      | Reached skill level 5 in Spellcasting
  8903 | D:6      | Noticed a yak
  8921 | D:6      | Killed a yak
  8922 | D:6      | Reached skill level 9 in Conjurations
  8996 | D:6      | Killed a troll
  9364 | D:6      | Reached XP level 9. HP: 36/48 MP: 18/18
  9793 | D:6      | Noticed a troll
  9799 | D:6      | Killed a troll
 10280 | D:6      | Noticed a gargoyle
 10645 | D:6      | Reached ** piety under Vehumet
 11125 | D:6      | Offered knowledge of Static Discharge by Vehumet.
 11126 | D:6      | Reached skill level 10 in Conjurations
 11163 | D:6      | Reached skill level 1 in Armour
 11921 | D:7      | Reached XP level 10. HP: 54/54 MP: 21/21
 12538 | D:8      | Offered knowledge of Ignite Poison by Vehumet.
 12861 | D:8      | Noticed a deep elf zephyrmancer
 12865 | D:8      | Killed a deep elf zephyrmancer
 12866 | D:8      | Reached skill level 5 in Stealth
 13007 | D:8      | Found an iron altar of Okawaru.
 13161 | D:8      | Reached *** piety under Vehumet
 13609 | D:8      | Reached skill level 5 in Dodging
 13649 | D:8      | Noticed Maggie
 13656 | D:8      | Killed Maggie
 13870 | D:8      | Reached skill level 11 in Conjurations
 13935 | D:8      | Found a staircase to the Lair.
 14005 | D:8      | Reached XP level 11. HP: 52/60 MP: 23/23
 14130 | D:8      | Found a large runed translucent door.
 14131 | D:8      | Found a large runed translucent door.
 14150 | D:8      | Found an ornate altar of the Wu Jian Council.
 14181 | D:8      | Found an ancient bone altar of Kikubaaqudgha.
 14192 | D:8      | Reached skill level 5 in Short Blades
 14542 | D:8      | Identified a scroll of acquirement
 14542 | D:8      | Acquired an amulet of the acrobat
 14606 | D:9      | Noticed a two-headed ogre
 14634 | Lair:1   | Entered Level 1 of the Lair of Beasts
 14640 | Lair:1   | Noticed a six-headed hydra
 14645 | D:8      | Offered knowledge of Mephitic Cloud by Vehumet.
 15295 | D:1      | Bought a runed short sword for 144 gold pieces
 15447 | Lair:1   | Noticed a six-headed hydra
 15869 | D:10     | Entered Level 10 of the Dungeon
 16016 | D:9      | Killed a two-headed ogre
 16025 | D:9      | Reached **** piety under Vehumet
 16581 | D:9      | Offered knowledge of Irradiate by Vehumet.
 16588 | D:9      | Learned a level 5 spell: Irradiate
 16716 | D:9      | Found a sparkling altar of Nemelex Xobeh.
 17210 | D:9      | Found a staircase to the Orcish Mines.
 17267 | D:9      | Reached skill level 5 in Translocations
 17515 | Lair:1   | HP: 1/62 [komodo dragon (25)]
 17891 | D:8      | Reached skill level 5 in Fighting
 18351 | Lair:1   | HP: 1/63 [six-headed hydra (3)]
 18351 | Lair:1   | Mangled by a six-headed hydra

Illustrated notes

Levels and vault maps discovered:
D:1:      dpeg_arrival_round_a, layout_rooms, serial_shops, nicolae_square_shop,
          basic_ecumenical_altar
D:2:      layout_basic, kennysheep_generic_room_5, uniq_sigmund
D:3:      layout_loops_cross, overflow_temple_1_default, lemuel_round_altar,
          portal_sewer_entry_b, uniq_crazy_yiuf_cottage
D:4:      layout_rooms, kennysheep_mini, minmay_temple_entry_hall,
          nzn_random_ring
D:5:      layout_rooms, kennysheep_generic_room_6
D:6:      minmay_chambers_of_sixes, layout_loops_ring, kb_rosetta
D:7:      layout_cave_pools
D:8:      layout_gridville, jmf_multi_god_temple2, amcnicky_altar_gilded,
          due_lair_maze_entry_diamond, guppyfry_early_elven_hall, uniq_maggie
D:9:      layout_gridville, lemuel_coloured_pillars_altar, zombieorc2_lemuel
D:10:     minmay_bloctagon, layout_basic, cheibrodos_ashenzari_chains,
          slow_altar_1, serial_shops, shop, uniq_fannar, uniq_harold
Temple:   nicolae_temple_figure_eight
Lair:1:   layout_cave_shapes, gammafunk_ghost_arena, beast_lair_carwin_2,
          grunt_megastairs_3, infiniplex_staircase_pool, uniq_gastronok

Skill      XL: |  1  2  3  4  5  6  7  8  9 10 11 |
---------------+----------------------------------+-----
Conjurations   | 6 7 8 9 10 11 | 11.7
Stealth        | 3 4 5 6 |  6.5
Spellcasting   | 3 4 5 6 7 8 |  8.0
Short Blades   | 1 2 3 4 5 |  5.0
Dodging        | 3 4 5 6 |  6.3
Fighting       | 1 2 3 5 |  5.0
Translocations | 1 2 3 4 5 |  5.1
Hexes          | 2 3 4 |  4.6
Armour         | 1 |  1.7

Action                   |  1- 3 |  4- 6 |  7- 9 | 10-12 || total
-------------------------+-------+-------+-------+-------++-------
Melee: Unarmed           |     1 |       |       |       ||     1
       Short sword       |     1 |    25 |     7 |    53 ||    86
       Kick              |       |     3 |     4 |    18 ||    25
       Dagger            |       |       |    24 |    55 ||    79
       Peck              |       |       |     5 |    17 ||    22
 Cast: Magic Dart        |    77 |    78 |   134 |   227 ||   516
       Searing Ray       |     1 |     5 |    47 |    57 ||   110
       Iskenderun's Myst |       |       |       |    15 ||    15
  Use: Scroll            |     1 |    11 |     9 |     7 ||    28
       Potion            |       |       |       |     3 ||     3
 Stab: Sleeping          |       |     1 |       |       ||     1
       Distracted        |       |       |     1 |       ||     1
Armor: Robe              |     2 |    17 |    11 |    10 ||    40
       Troll leather arm |       |       |     7 |    22 ||    29
Dodge: Dodged            |     3 |    58 |    81 |   211 ||   353

Table legend: (Time is in decaauts)
 A = Elapsed time spent in this place.
 B = Non-inter-level travel time spent in this place.
 C = Inter-level travel time spent in this place.
 D = Time resting spent in this place.
 E = Time spent auto-exploring this place.
 F = Levels seen in this place.
 G = Mean time per level.
                   A        B        C        D        E       F      G
               +--------+--------+--------+--------+--------+-----+--------+
         Total |  17838 |  17033 |    805 |   8686 |   5374 |  13 | 1372.2 |
       Dungeon |  16253 |  15466 |    787 |   7764 |   4961 |  10 | 1625.3 |
        Temple |    116 |     98 |     18 |      0 |     80 |   1 |  116.0 |
          Lair |     22 |     22 |      0 |      0 |      0 |   1 |   22.0 |
         Sewer |   1445 |   1445 |      0 |    922 |    332 |   1 | 1445.0 |
               +--------+--------+--------+--------+--------+-----+--------+

Top non-repeatable levels by time:
     D:8: 3722 daAuts
     D:6: 2585 daAuts
     D:4: 1759 daAuts
     D:9: 1744 daAuts
     D:5: 1585 daAuts
   Sewer: 1445 daAuts
     D:1: 1352 daAuts
     D:2: 1180 daAuts
     D:3: 1175 daAuts
     D:7: 1146 daAuts
  Temple: 116 daAuts
  Lair:1: 22 daAuts
    D:10: 1 daAuts
